 Dungeon Crawl Stone Soup version 0.21.1-1-g345015fe64 (webtiles) character file.

1192 Oravi the Slinger (level 8, -4/54 HPs)
             Began as a Halfling Hunter on Apr 17, 2018.
             Was a Believer of Okawaru.
             Slain by an orc warrior
             ... wielding a +0 short sword
              (15 damage)
             ... on level 7 of the Dungeon.
             The game lasted 00:15:29 (5471 turns).

Oravi the Slinger (Halfling Hunter)                 Turns: 5471, Time: 00:15:29

Health: -4/54      AC:  3    Str: 13    XL:     8   Next: 71%
Magic:  8/8        EV: 15    Int:  9    God:    Okawaru [**....]
Gold:   292        SH:  0    Dex: 17    Spells: 7/7 levels left

rFire    . . .     SeeInvis .   b - +2 short sword (venom)
rCold    . . .     Gourm    .   (shield restricted)
rNeg     . . .     Faith    .   c - +0 leather armour
rPois    .         Spirit   .   (no helmet)
rElec    .         Reflect  .   (no cloak)
rCorr    .         Harm     .   (no gloves)
MR       .....                  (no boots)
Stlth    ++........             (no amulet)
HPRegen  0.18/turn              y - +1 ring of slaying
MPRegen  0.11/turn              (no ring)

@: invisible
A: small, mutation resistance 1
a: Heroism, Renounce Religion


You were on level 7 of the Dungeon.
You worshipped Okawaru.
Okawaru was pleased with you.
You were not hungry.

You visited 2 branches of the dungeon, and saw 8 of its levels.
You also visited: Sewer.

You collected 292 gold pieces.

Inventory:

Hand Weapons
 a - a +2 hunting sling
 b - a +2 short sword of venom (weapon)
Missiles
 d - 34 sling bullets
 e - 123 stones (quivered)
Armour
 c - a +0 leather armour (worn)
 i - a +1 ring mail of poison resistance
 o - a +3 scale mail
 s - a +2 robe of magic resistance
Jewellery
 k - an uncursed ring of magical power {unknown}
 y - a +1 ring of slaying (left hand)
 B - a cursed -2 ring of evasion {unknown}
Wands
 w - a wand of enslavement (12)
Scrolls
 j - a scroll of fear
 n - a scroll of remove curse {unknown}
 p - a scroll of fog
 t - a scroll of enchant weapon
 u - 2 scrolls of enchant armour
 A - a scroll of teleportation
Potions
 g - 2 potions of brilliance
 l - a potion of flight
 m - a potion of invisibility
 q - a potion of cancellation {unknown}
 r - a potion of heal wounds {unknown}
 v - a potion of degeneration {unknown}
 x - 3 potions of magic {unknown}
 z - a potion of resistance {unknown}
Comestibles
 f - 9 rations
 C - 4 chunks of flesh


   Skills:
 + Level 3.9 Fighting
 * Level 5.1 Short Blades
 + Level 11.3 Slings
 + Level 2.8 Armour
 + Level 2.9 Dodging
 - Level 1.1 Stealth


You had 7 spell levels left.
You didn't know any spells.

Dungeon Overview and Level Annotations

Branches:
Dungeon (7/15)             Temple (1/1) D:4

Altars:
Ashenzari
Cheibriados
Dithmenos
Elyvilon
Fedhas
Gozag
Hepliaklqana
Kikubaaqudgha
Makhleb
Nemelex Xobeh
Okawaru
Qazlal
Sif Muna
Trog
Uskayaw
Xom
Yredelemnul
Zin
The Shining One


Innate Abilities, Weirdness & Mutations

You are small and have problems with some larger weapons.
You are somewhat resistant to further mutation.


Message History

You feel better. The orc warrior closely misses you.
You closely miss the orc warrior.
The orc warrior is heavily wounded.
You barely miss the orc warrior.
The orc warrior is heavily wounded.
The orc warrior closely misses you.
You closely miss the orc warrior.
The orc warrior is heavily wounded.
The orc warrior closely misses you.
You barely miss the orc warrior.
The orc warrior is heavily wounded.
The orc warrior closely misses you.
You hit the orc warrior but do no damage.
The orc warrior is poisoned.
The orc warrior is heavily wounded.
The orc warrior misses you.
It was a potion of invisibility.
You fade into invisibility!
The orc warrior hits you with a short sword!
You die...

#.# #.# ... #.#
#.# #.# #.#
#### #@### ...
#o#.# #..##lo.+
#..#.<.)#####
#............
.....#...#..#..
###.##.)##.(...
#.##.(##.##..
#........# ..


You could see an orc warrior, an iguana and an orc (wandering).

Vanquished Creatures
  A water moccasin (D:6)
  3 ogres
  2 phantoms (D:5)
  A bullfrog (D:7)
  A scorpion (D:6)
  A howler monkey (D:6)
  A crimson imp (D:5)
  A hound (D:5)
  2 jellies (D:5)
  2 bullfrog skeletons
  4 worker ants
  3 gnolls (D:3)
  4 adders
  5 river rats
  2 shadow imps (D:5)
  An ooze (D:1)
  An adder zombie (D:5)
  A worm (D:2)
  3 dart slugs
  A leopard gecko (D:5)
  9 orcs
  5 giant cockroaches
  3 goblins (D:2)
  5 hobgoblins
  10 jackals
  A quokka (D:3)
  4 ball pythons
  8 bats
  8 frilled lizards
  A kobold (D:2)
  15 rats
109 creatures vanquished.

Notes
Turn   | Place    | Note
-------+----------+-------------------------------------------
     0 | D:1      | Oravi the Halfling Hunter began the quest for the Orb.
     0 | D:1      | Reached XP level 1. HP: 14/14 MP: 1/1
    35 | D:1      | Reached skill level 6 in Slings
   144 | D:1      | Reached XP level 2. HP: 19/19 MP: 2/2
   524 | D:2      | Reached XP level 3. HP: 24/24 MP: 3/3
   698 | D:2      | Reached skill level 7 in Slings
  1125 | D:2      | Found an iron altar of Okawaru.
  1135 | D:2      | Became a worshipper of Warmaster Okawaru
  1363 | D:3      | Found a shadowy altar of Dithmenos.
  1418 | D:3      | Reached XP level 4. HP: 29/29 MP: 4/4
  1436 | D:3      | Found a snail-covered altar of Cheibriados.
  1529 | D:3      | Reached skill level 1 in Short Blades
  1535 | D:3      | Reached skill level 8 in Slings
  1548 | D:3      | Reached XP level 5. HP: 19/34 MP: 5/5
  1662 | D:3      | Found a glowing drain.
  1722 | Sewer    | Entered a sewer
  2556 | D:3      | Found a glowing golden altar of the Shining One.
  2694 | D:4      | Noticed an ogre
  2701 | D:4      | Killed an ogre
  2701 | D:4      | Reached * piety under Okawaru
  2701 | D:4      | Reached skill level 1 in Armour
  2701 | D:4      | Reached XP level 6. HP: 41/41 MP: 6/6
  3013 | D:4      | Reached skill level 9 in Slings
  3043 | D:4      | Noticed an ogre
  3053 | D:4      | Killed an ogre
  3053 | D:4      | Reached XP level 7. HP: 45/45 MP: 7/7
  3088 | D:4      | Found a staircase to the Ecumenical Temple.
  3101 | Temple   | Entered the Ecumenical Temple
  3524 | D:5      | Entered Level 5 of the Dungeon
  3714 | D:5      | Reached skill level 10 in Slings
  3814 | D:5      | Reached ** piety under Okawaru
  3899 | D:5      | Reached XP level 8. HP: 52/52 MP: 8/8
  4716 | D:6      | Found a basalt altar of Yredelemnul.
  4716 | D:6      | Found a glowing silver altar of Zin.
  5010 | D:6      | Reached skill level 11 in Slings
  5294 | D:6      | Found an ancient bone altar of Kikubaaqudgha.
  5294 | D:6      | Noticed a human
  5429 | D:7      | Reached skill level 5 in Short Blades
  5471 | D:7      | Slain by an orc warrior

Skill      XL: |  1  2  3  4  5  6  7  8 |
---------------+-------------------------+-----
Slings         | 6 7 8 9 10 11 | 11.3
Fighting       | 2 3 |  3.9
Short Blades   | 1 2 3 4 5 |  5.1
Armour         | 1 2 |  2.8
Dodging        | |  2.9
Stealth        | |  1.1

Action                   |  1- 3 |  4- 6 |  7- 9 || total
-------------------------+-------+-------+-------++-------
Melee: Short sword       |       |     6 |    12 ||    18
 Fire: Hunting sling     |    76 |   204 |   117 ||   397
  Use: Scroll            |     3 |     2 |     7 ||    12
       Potion            |       |     2 |     2 ||     4
  Eat: Chunk             |     1 |     5 |     4 ||    10
       Ration            |       |       |     1 ||     1
Armor: Leather armour    |     1 |    20 |     1 ||    22
Dodge: Dodged            |     7 |    79 |    18 ||   104
